 Dungeon Crawl Stone Soup version 0.17-a0-1663-gb806841 (webtiles) character file.

156 nuthulu the Skirmisher (level 5, -1/43 HPs)
             Began as a Mummy Chaos Knight on Aug 16, 2015.
             Slain by an orc priest
             ... wielding a +0 flail
              (16 damage)
             ... on level 3 of the Dungeon.
             The game lasted 00:06:24 (3256 turns).

nuthulu the Skirmisher (Mummy Chaos Knight)         Turns: 3256, Time: 00:06:24

Health: -1/43      AC:  5    Str: 15    XL:     5   Next: 14%
Magic:  5/5        EV: 10    Int: 12    God:    Xom [.*....]
Gold:   127        SH:  3    Dex: 12    Spells: 0 memorised, 4 levels left

rFire  x . .     SeeInvis .     a - +1 mace (chaos)
rCold  + + .     Clarity  .     b - +2 leather armour
rNeg   + + +     SustAt   .     d - +0 buckler
rPois  ∞         Gourm    .     (no helmet)
rElec  .         Spirit   .     (no cloak)
rCorr  .         Warding  .     (no gloves)
rMut   .         Stasis   .     (no boots)
MR     .....                    (no amulet)
Stlth  +.........               (no ring)
                                c - ring of protection from cold

@: not resistant to hostile enchantments, very unstealthy
A: no food or potions, fire vulnerability, cold resistance 1, negative energy
resistance 3, torment resistance, unbreathing
a: Renounce Religion


You were on level 3 of the Dungeon.
You worshipped Xom.
You were a plaything of Xom.
You were not hungry.

You visited 1 branch of the dungeon, and saw 3 of its levels.

You collected 127 gold pieces.

Inventory:

Hand weapons
 a - a +1 mace of chaos (weapon)
 j - a +0 blowgun
Missiles
 i - 17 poisoned needles
Armour
 b - a +2 leather armour (worn)
 d - a +0 buckler (worn)
Jewellery
 c - a ring of protection from cold (left hand)
Magical devices
 h - a wand of flame (24)
Scrolls
 e - a scroll of amnesia
 f - a scroll of fog
 g - a scroll of identify


   Skills:
 + Level 4.4 Fighting
 + Level 3.9 Maces & Flails
 - Level 1.7 Armour
 - Level 0.8 Dodging


You had 4 spell levels left.
You didn't know any spells.

Dungeon Overview and Level Annotations

Branches:
Dungeon (3/15)

Altars:


Innate Abilities, Weirdness & Mutations

You do not eat or drink.
Your flesh is vulnerable to fire.
You are immune to poison.
Your flesh is cold resistant.
You are immune to negative energy.
You are immune to unholy pain and torment.
You can survive without breathing.


Message History

You hit something. You burn something.
The orc wizard gestures wildly while chanting.
The orc wizard blinks!
You block the orc priest's attack. Something hits you.
The orc priest hits you with a flail.
Your shield prevents you from hitting the orc priest.
You block the orc priest's attack. Something hits you.
You hit the orc priest. You freeze the orc priest.
The orc priest is lightly wounded.
Xom decides to shift things around a little.
The orc priest blinks!
Something hits you.
Unknown command.
You hit the orc priest.
You feel better.
The orc priest is heavily wounded.
The orc priest misses you. Something hits you.
Unknown command.
You hit the orc priest.
The orc priest goes berserk!
The orc priest is severely wounded.
The orc priest misses you. The orc priest hits you with a flail!
You die...
Xom chortles!

#...### #.## #.# #.....#
#..# #.# #.....# ##.###.#
####...## #..##.# #.......#
##.##.## #.......# #..#.##
#.......#####.#.##
#o......+.%....... #####
#@......######..##
#.....#####.)!....# #..##
+....oo...##o###### #..#
#.....###........#######..#
#.... #................>#
#### #.........#########
#.........# #.........#
#.........#


You could see an orc priest (berserk) and an orc wizard.

Vanquished Creatures
  Ijyb (D:3)
  A sheep (shapeshifter) (D:2)
  4 adders
  A giant gecko (D:3)
  3 orcs (D:3)
  2 ball pythons
  4 giant cockroaches
  3 goblins
  7 hobgoblins
  8 jackals
  10 kobolds
  2 quokkas (D:3)
  8 bats
  4 giant newts
  7 rats
65 creatures vanquished.

Notes
Turn   | Place    | Note
--------------------------------------------------------------
     0 | D:1      | nuthulu the Mummy Chaos Knight began the quest for the Orb.
     0 | D:1      | Reached XP level 1. HP: 18/18 MP: 1/1
   263 | D:1      | Reached XP level 2. HP: 24/24 MP: 2/2
   851 | D:1      | Reached XP level 3. HP: 27/29 MP: 3/3
  1203 | D:2      | XOM: divination: magic mapping
  1531 | D:2      | XOM: snakes to sticks
  1628 | D:2      | XOM: harmless Necr miscast
  2136 | D:2      | XOM: colour smoke trail
  2187 | D:2      | Reached skill level 4 in Fighting
  2187 | D:2      | Reached XP level 4. HP: 37/37 MP: 4/4
  2538 | D:3      | Noticed Ijyb
  2541 | D:3      | XOM: medium Hex miscast
  2554 | D:3      | Killed Ijyb
  2654 | D:3      | Reached XP level 5. HP: 29/43 MP: 5/5
  3212 | D:3      | XOM: silly message
  3254 | D:3      | XOM: blink monster(s)
  3256 | D:3      | Slain by an orc priest

Vault maps used:
D:1:      minmay_arrival_open_corners, st_stairs_10
D:2:      kennysheep_another_room
D:3:      uniq_natasha, uniq_iyjb

Action                   |  1- 3 |  4- 6 || total
-------------------------+-------+-------++-------
Melee: Mace              |   133 |    77 ||   210
  Use: Scroll            |     6 |     2 ||     8
 Stab: Paralysed         |       |     1 ||     1
       Sleeping          |       |     1 ||     1
